 Dungeon Crawl Stone Soup version 0.29-a0-973-gac7da5f7f0 (webtiles) character file.

Game seed: 6542352849516523007

19 vurker the Sneak (level 2, -1/14 HPs)
             Began as a Vine Stalker Enchanter on July 31, 2022.
             Slain by Terence
             ... wielding a +2 short sword of freezing
              (3 damage)
             ... on level 2 of the Dungeon.
             The game lasted 00:01:32 (1458 turns).

vurker the Sneak (Vine Stalker Enchanter)           Turns: 1458, Time: 00:01:33

Health: -1/14      AC:  6    Str: 10    XL:     2   Next: 75%
Magic:  0/6        EV:  8    Int: 15    God:
Gold:   100        SH:  0    Dex: 14    Spells: 5/5 levels left

rFire   . . .      SeeInvis .   (no weapon)
rCold   . . .      Faith    .   (no shield)
rNeg    . . .      Spirit   +   e - +0 scale mail
rPois   .          Reflect  .   (no helmet)
rElec   .          Harm     .   (no cloak)
rCorr   .          Rampage  .   (no gloves)
Will    .....                   (no boots)
Stlth   +.........              (no amulet)
HPRegen 0.04/turn               (no ring)
MPRegen 0.10/turn               (no ring)

@: no status effects
A: fangs 2, magic shield, antimagic bite, no potion heal 2
a: no special abilities


You were on level 2 of the Dungeon.
You visited 1 branch of the dungeon, and saw 2 of its levels.

You collected 100 gold pieces.

Inventory:

Armour
 e - a +0 scale mail (worn)
   (You found it on level 1 of the Dungeon)
Scrolls
 b - a scroll of blinking {unknown}
 d - a scroll of magic mapping {unknown}
Potions
 a - 2 potions of lignification {unknown}
 c - 2 potions of invisibility
 f - a potion of might {unknown}
 g - a potion of mutation {unknown}
 h - a potion of ambrosia {unknown}


   Skills:
 + Level 1.0 Fighting
 * Level 2.0 Short Blades
 - Level 1.5 Dodging
 - Level 3.6 Stealth
 - Level 2.1 Spellcasting
 - Level 3.0 Hexes


You had 5 spell levels left.
You didn't know any spells.
Your spell library contained the following spells:

 Spells                   Type           Power      Damage    Failure   Level
 Ensorcelled Hibernation  Hex/Ice        12%        N/A       78%         2
 Confusing Touch          Hex            10%        N/A       80%         3
 Tukima's Dance           Hex            10%        N/A       80%         3
 Dazzling Flash           Conj/Hex       12%        N/A       95%         3


Dungeon Overview and Level Annotations

Branches:
Dungeon (2/15)

Altars:

Annotations:
D:2 Terence


Innate Abilities, Weirdness & Mutations

You have extremely sharp teeth.
When hurt, damage is shared between your health and your magic reserves.
Your bite disrupts and absorbs the magic of your enemies.
Potions cannot restore your health.


Message History

You open the door.
There is an open door here.
Found 2 curare-tipped darts.
You see here 2 curare-tipped darts.
You see here a +0 ring mail.
Key pressed, stopping explore.
You open the door.
There is an open door here.
There is a shaft here.
You open the door.
You see here a +0 barding.
There is an open door here.
Done exploring.
Done exploring.
There is an open door here.
There is a shaft here.
There is a stone staircase leading down here.
You climb downwards.
There is a stone staircase leading up here.
Found 6 stones.
Found a stone staircase leading up.
There is a stone staircase leading up here.
Terence the Incautious comes into view.
He is wielding a +2 short sword of freezing and carrying a wand of flame (18).
Found 9 gold pieces.
Terence shouts!
Found a bubbling yellow potion.
Terence zaps a wand.
The puff of flame hits you.
You aren't carrying any items that you can evoke.
Terence hits you with a +2 short sword of freezing.
Terence freezes you.
You barely miss Terence. You bite Terence, but do no damage.
Terence zaps a wand.
The puff of flame hits you.
* * * LOW HITPOINT WARNING * * *
You closely miss Terence. You bite Terence. You drain his power.
You feel invigorated. Terence closely misses you.
You hit Terence but do no damage. Terence barely misses you.
You hit Terence but do no damage.
Terence hits you with a +2 short sword of freezing.
* * * LOW HITPOINT WARNING * * *
Terence freezes you.
You hit Terence but do no damage. Terence hits you but does no damage.
You hit Terence.
Terence hits you with a +2 short sword of freezing.
* * * LOW HITPOINT WARNING * * *
Terence freezes you.
You closely miss Terence.
Terence hits you with a +2 short sword of freezing.
You die...

#...# #...#
###########...####
..................
..............#####.
........###.........
#######.# #.........
#.# #......... #.#
##@....... #.#
#@...###. #.#
#......!. #.#
#....###.# #.#
.....###. # #.#
........ .. #.#
##....##.# #.#
........
#.######...##.##


You could see Terence.

Vanquished Creatures
  A dart slug (D:1)
  3 endoplasms (D:1)
  4 goblins (D:1)
  2 hobgoblins (D:1)
  A quokka (D:1)
  A ball python (D:1)
  2 bats (D:1)
  A rat (D:1)
15 creatures vanquished.

Notes
Turn   | Place    | Note
-------+----------+-------------------------------------------
     0 | D:1      | vurker the Vine Stalker Enchanter began the quest for the
                  | Orb.
     0 | D:1      | Reached XP level 1. HP: 9/9 MP: 4/4
    67 | D:1      | Found a faded altar of an unknown god.
    95 | D:1      | Reached skill level 1 in Short Blades
   444 | D:1      | Reached XP level 2. HP: 11/14 MP: 3/6
  1023 | D:1      | Reached skill level 1 in Fighting
  1426 | D:2      | Noticed Terence
  1458 | D:2      | Slain by Terence

Illustrated notes

Levels and vault maps discovered:
D:1:      dpeg_arrival_rooms_c, layout_basic, serial_corexii_hall,
          corexii_hall_statues_i, chequers_hall_statues_corner_a,
          shapermc_ecumenical_altar_notcrosses, nicolae_eternal_life,
          lemuel_old_faithful
D:2:      layout_basic, kennysheep_generic_room_7, uniq_sigmund, uniq_terence

Skill      XL: |  1  2 |
---------------+-------+-----
Short Blades   | 1 2 |  2.0
Fighting       | 1 |  1.0
Dodging        | |  1.5
Stealth        | |  3.6
Spellcasting   | |  2.1
Hexes          | |  3.0

Action                   || total
-------------------------++-------
Melee: Unarmed           ||    82
       Bite              ||    22
       Punch             ||     2
 Stab: Sleeping          ||     1
Armor: Scale mail        ||    49
Dodge: Dodged            ||    28

Table legend: (Time is in decaauts)
 A = Elapsed time spent in this place.
 B = Non-inter-level travel time spent in this place.
 C = Inter-level travel time spent in this place.
 D = Time resting spent in this place.
 E = Time spent auto-exploring this place.
 F = Levels seen in this place.
 G = Mean time per level.
                   A        B        C        D        E       F      G
               +--------+--------+--------+--------+--------+-----+--------+
         Total |   1459 |   1437 |     22 |      4 |   1221 |   2 |  729.5 |
       Dungeon |   1459 |   1437 |     22 |      4 |   1221 |   2 |  729.5 |
               +--------+--------+--------+--------+--------+-----+--------+

Top non-repeatable levels by time:
     D:1: 1398 daAuts
     D:2: 60 daAuts
